 Dungeon Crawl Stone Soup version 0.20-a0-1122-gb7cbeb9 (webtiles) character file.

77 Alarkh the Digger (level 4, 30/30 HPs)
             Began as a Demonspawn Earth Elementalist on May 14, 2017.
             Got out of the dungeon alive.
             The game lasted 00:02:28 (2637 turns).

Alarkh the Digger (Demonspawn Earth Elementalist)   Turns: 2637, Time: 00:02:28

Health: 30/30      AC:  4    Str:  9    XL:     4   Next: 14%
Magic:  7/7        EV: 12    Int: 17    God:
Gold:   60         SH:  0    Dex: 13    Spells: 7/8 levels left

rFire    . . .     SeeInvis .     - Unarmed
rCold    + . .     Gourm    .   (no shield)
rNeg     . . .     Faith    .   c - +0 robe
rPois    .         Spirit   .   (no helmet)
rElec    .         Reflect  .   (no cloak)
rCorr    .         Harm     .   (no gloves)
MR       .....                  a - +1 pair of boots
Stlth    ++........             (no amulet)
Regen    0.1/turn               (no ring)
MPRegen  0.1/turn               (no ring)

@: no status effects
A: talons 1, cold resistance 1
a: no special abilities


You escaped.
You were not hungry.

You visited 1 branch of the dungeon, and saw 2 of its levels.

You collected 60 gold pieces.

Inventory:

Missiles
 b - 11 stones (quivered)
Armour
 a - a +1 pair of boots (worn)
 c - a +0 robe (worn)
Jewellery
 o - an uncursed amulet of guardian spirit {unknown}
Scrolls
 f - a scroll of blinking {unknown}
 g - 3 scrolls of enchant armour
 h - 3 scrolls of immolation {unknown}
 i - 3 scrolls of noise
 l - a scroll of teleportation {unknown}
Potions
 k - 2 potions of cancellation {unknown}
 n - a potion of haste {unknown}
Books
 e - a book of Geomancy

   Spells                             Type                      Level
   a - Sandblast                      Earth                        1
   b - Passwall                       Transmutation/Earth          2
   c - Stone Arrow                    Conjuration/Earth            3
   d - Petrify                        Transmutation/Earth          4
   e - Lee's Rapid Deconstruction     Earth                        5
Comestibles
 d - a bread ration
 m - 3 meat rations


   Skills:
 - Level 1.7 Dodging
 - Level 1.7 Stealth
 * Level 2.2 Unarmed Combat
 + Level 2.6 Spellcasting
   Level 0.8 Transmutations
 + Level 3.3 Earth Magic


You had 7 spell levels left.
You knew the following spells:

 Your Spells              Type           Power        Failure   Level  Hunger
a - Sandblast             Erth           ##....       4%          1    #......


Dungeon Overview and Level Annotations

Branches:
Dungeon (2/15)

Altars:
Wu Jian


Innate Abilities, Weirdness & Mutations

You have sharp toenails.
Your flesh is cold resistant. (rC+)


Message History

You climb upwards.
There is a stone staircase leading down here.
All of the chunks of flesh in your inventory have rotted away.
A kobold comes into view.
The kobold shouts!
Casting: Sandblast
Confirm with . or Enter, or press ? or * to list all spells.
Aiming: Sandblast
Press: ? - help, Shift-Dir - straight line, f - kobold
Aim: a kobold The blast of sand hits the kobold.
You kill the kobold!
b - 11 stones
(D) Dungeon
Where to? (Enter - D:1 @ (x,y), ? - help) Magic restored.
There is an open door here.
There is a staircase leading out of the dungeon here.
Are you sure you want to leave the Dungeon?
This will make you lose the game!
You have escaped!

##.##### #.......#...#
#.....#########.......#...#
###...##.....##.......#...#
#.≈.##.....##.....#.....'
#.≈.##.....##########...#
#.≈..'.....# #...#
#.≈.##.....# #...#
#...##.....# #)..#
#...##..@..# #...#
#.8.##.....# #...#
#...######## ##### #####


There were no monsters in sight!

Vanquished Creatures
  An adder (D:2)
  A worm (D:1)
  A dart slug (D:1)
  3 bats
  2 giant cockroaches (D:2)
  9 goblins
  11 hobgoblins
  9 jackals
  2 quokkas (D:2)
  5 kobolds (D:1)
  10 rats
54 creatures vanquished.

Notes
Turn   | Place    | Note
-------+----------+-------------------------------------------
     0 | D:1      | Alarkh the Demonspawn Earth Elementalist began the quest for the Orb.
     0 | D:1      | Reached XP level 1. HP: 13/13 MP: 3/3
   168 | D:1      | Reached skill level 3 in Earth Magic
   235 | D:1      | Gained mutation: You have sharp toenails. [demonic ancestry]
   235 | D:1      | Reached XP level 2. HP: 18/19 MP: 0/5
   694 | D:1      | Reached skill level 1 in Unarmed Combat
   864 | D:1      | Reached XP level 3. HP: 18/24 MP: 3/6
  2255 | D:2      | Found an ornate altar of the Wu Jian Council.
  2413 | D:2      | Gained mutation: Your flesh is cold resistant. (rC+) [demonic ancestry]
  2413 | D:2      | Reached XP level 4. HP: 28/30 MP: 4/7
  2637 | D:$      | Got out of the dungeon alive.

Vault maps used:
D:1:      dpeg_arrival_rooms_c, minmay_three_crescents
D:2:      lemuel_round_altar

Skill      XL: |  1  2  3 |
---------------+----------+-----
Earth Magic    | 3 |  3.3
Unarmed Combat | 1 2 |  2.2
Dodging        | |  1.7
Stealth        | |  1.7
Spellcasting   | |  2.6
Transmutations | |  0.8

Action                   |  1- 3 |  4- 6 || total
-------------------------+-------+-------++-------
Melee: Unarmed           |     9 |       ||     9
       Kick              |     4 |       ||     4
 Cast: Sandblast         |    78 |     3 ||    81
  Use: Scroll            |     3 |       ||     3
  Eat: Chunk             |     5 |     1 ||     6
Armor: Robe              |    20 |       ||    20
Dodge: Dodged            |    47 |       ||    47
